 Dungeon Crawl Stone Soup version 0.20-a0-303-g575bbf7 (webtiles) character file.

181 esc the Cudgeler (level 5, 0/32 HPs)
             Began as a Tengu Abyssal Knight on Dec 17, 2016.
             Was a Believer of Lugonu.
             Slain by a worm (9 damage)
             ... on level 2 of the Dungeon.
             The game lasted 00:05:06 (2696 turns).

esc the Cudgeler (Tengu Abyssal Knight)             Turns: 2696, Time: 00:05:07

Health: 0/32       AC:  4    Str: 11 (13) XL:     5   Next: 61%
Magic:  7/7        EV: 11    Int: 13      God:    Lugonu [**....]
Gold:   75         SH:  0    Dex: 11 (13) Spells: 4/4 levels left

rFire  . . .     SeeInvis .     a - +1 mace
rCold  . . .     Gourm    .     b - +0 leather armour
rNeg   . . .     Faith    .     (no shield)
rPois  .         Spirit   .     (helmet restricted)
rElec  .         Reflect  .     (no cloak)
rCorr  .         Harm     .     m - +0 pair of gloves (curse)
MR     .....                    (boots unavailable)
Stlth  +.........               (no amulet)
                                (no ring)
                                (no ring)

@: no status effects
A: beak, talons 3, able to fly 1
a: Fly, Depart the Abyss, Bend Space, Renounce Religion


You were on level 2 of the Dungeon.
You worshipped Lugonu.
Lugonu was pleased with you.
You were not hungry.

You visited 1 branch of the dungeon, and saw 2 of its levels.
You visited the Abyss 1 time.

You collected 75 gold pieces.

Inventory:

Hand Weapons
 a - a +1 mace (weapon)
Missiles
 j - 7 javelins
 o - 27 stones (quivered)
Armour
 b - a +0 leather armour (worn)
 i - a +0 ring mail
   (You took it off a hobgoblin on level 1 of the Dungeon)
 m - a cursed +0 pair of gloves (worn)
   (You found it on level 1 of the Dungeon)
Scrolls
 f - a scroll of amnesia {unknown}
 g - 4 scrolls of identify {unknown}
 h - a scroll of enchant weapon {unknown}
 k - a scroll of remove curse {unknown}
 l - a scroll of noise {unknown}
 n - a scroll of recharging {unknown}
 r - 2 scrolls of teleportation {unknown}
Comestibles
 c - a bread ration {@e1}
 d - a chunk of flesh {@w0}


   Skills:
 - Level 3.0 Fighting
 + Level 6.2 Maces & Flails
 - Level 2.1 Armour
 - Level 1.1 Dodging
 - Level 1.5 Invocations


You had 4 spell levels left.
You didn't know any spells.

Dungeon Overview and Level Annotations

Branches:
Dungeon (2/15)

Altars:
Okawaru

Annotations:
D:2 Sigmund


Innate Abilities, Weirdness & Mutations

You have a beak for a mouth.
You have claws for feet.
You can fly.


Message History

You feel sick.
You see here 7 javelins.
You take 1 damage, and have 24/32 hp.
j - 7 javelins You start resting.
You feel sick.
You are no longer poisoned.
A frilled lizard comes into view.
The frilled lizard hisses angrily.
The frilled lizard bites you but does no damage.
You barely miss the frilled lizard. Your kick misses the frilled lizard.
Your peck misses the frilled lizard.
The frilled lizard bites you but does no damage.
Some of the chunks of flesh in your inventory have rotted away.
You barely miss the frilled lizard. The frilled lizard barely misses you.
You miss the frilled lizard. The frilled lizard misses you.
The frilled lizard bites you but does no damage.
You sock the frilled lizard!
You kill the frilled lizard!
Lugonu accepts your kill.
No target in view!
You see here a frilled lizard corpse.
You butcher the frilled lizard corpse.
d - 3 chunks of flesh {@w0} (gained 1)
You start resting.
Health restored: 32
o - 25 stones (gained 10)
A gnoll comes into view. It is wielding a spear.
The gnoll shouts!
A gnoll comes into view.
The gnoll shouts! 2 gnolls come into view.
The gnoll shouts! x2
You sock the gnoll! Your kick misses the gnoll. You hit the gnoll.
The gnoll hits you with a spear. The gnoll hits you.
You take 3 damage, and have 29/32 hp.
You completely miss the gnoll. The gnoll hits you with a spear.
The gnoll closely misses you.
You take 5 damage, and have 24/32 hp.
You hit the gnoll. You claw the gnoll, but do no damage. The gnoll misses you.
The gnoll closely misses you.
You closely miss the gnoll. Your kick misses the gnoll.
The gnoll hits you but does no damage. The gnoll hits you!
You take 7 damage, and have 17/32 hp.
MASSIVE DAMAGE!!
You barely miss the gnoll. You claw the gnoll.
You kill the gnoll!
Lugonu accepts your kill.
You feel your strength returning. The gnoll hits you.
You take 6 damage, and have 11/32 hp.
There is a stone staircase leading up here.
The gnoll hits you.
You climb upwards.
There is a stone staircase leading down, spattered with blood here.
You take 2 damage, and have 10/32 hp.
You barely miss the gnoll. You peck the gnoll, but do no damage.
The gnoll hits you.
* * * LOW HITPOINT WARNING * * *
You take 6 damage, and have 4/32 hp.
You are too injured to fight recklessly!
You are too injured to fight recklessly!
It was a potion of curing.
You feel better. The gnoll hits you!
* * * LOW HITPOINT WARNING * * *
You take 3 damage, and have 1/32 hp.
You feel better. The gnoll hits you but does no damage.
You regained 6 hp, and now have 7/32 hp.
The gnoll misses you.
There is an open door here.
A kobold comes into view.
Some of the chunks of flesh in your inventory have rotted away.
You are feeling hungry.
Things that are here:
a leather armour; a dagger
There is a stone staircase leading down here.
You climb downwards.
Level annotation: Sigmund
There is a stone staircase leading up, spattered with blood here.
You start resting.
Eating one of 2 chunks of flesh {@w0}.
You start eating one of the 2 chunks of flesh {@w0}.
A rat is nearby!
You hit the rat but do no damage. Your kick misses the rat.
The rat bites you but does no damage.
You hit the rat.
You kill the rat!
Lugonu accepts your kill.
o - 26 stones (gained 1)
o - 27 stones (gained 1)
You start resting.
A worm comes into view.
You sock the worm! You peck the worm. You hit the worm.
Your kick misses the worm. The worm bites you!
* * * LOW HITPOINT WARNING * * *
You take 8 damage, and have 9/32 hp.
MASSIVE DAMAGE!!
You barely miss the worm. Your kick misses the worm.
The worm barely misses you.
You barely miss the worm. You barely miss the worm. Your kick misses the worm.
The worm bites you!
You die...

#...............#. ..#.
#...>...# #..#...# #...
#.......####....#.. ...#.
#.............#...#...#...
#...............#...#...#.
#.............#...#...# ..
#...............#...#...#.
#.............#...#...#...
###.#.##<@......#...#...#
#.#..#..w.(.#...#...#
#.##.......)(.#..†#
#####.#...........?.#...#
#.........##..#####)..#...#
#.........##............#...
#..........#.#####....##..#.
#........#.#.........## ..
#........#...........#


You could see a worm.

Vanquished Creatures
  Ijyb (D:1)
  6 adders (D:2)
  A gnoll (D:2)
  2 oozes (D:2)
  2 worms
  A dart slug (D:2)
  2 bats
  9 giant cockroaches
  6 goblins
  7 hobgoblins
  15 jackals
  5 kobolds
  A ball python (D:2)
  2 frilled lizards
  11 rats
71 creatures vanquished.

Notes
Turn   | Place    | Note
-------+----------+-------------------------------------------
     0 | Abyss:1  | esc the Tengu Abyssal Knight began the quest for the Orb.
     0 | Abyss:1  | Reached XP level 1. HP: 14/14 MP: 3/3
    10 | D:1      | Escaped the Abyss
    97 | D:1      | Reached XP level 2. HP: 17/19 MP: 4/4
   101 | D:1      | Reached skill level 3 in Maces & Flails
   341 | D:1      | Found an iron altar of Okawaru.
   357 | D:1      | Reached ** piety under Lugonu
   358 | D:1      | Reached XP level 3. HP: 21/23 MP: 5/5
   575 | D:1      | Reached skill level 4 in Maces & Flails
  1103 | D:2      | Noticed Sigmund
  1141 | D:2      | Noticed Ijyb
  1158 | D:1      | Killed Ijyb
  1158 | D:1      | Reached XP level 4. HP: 28/28 MP: 6/6
  1168 | D:1      | Reached skill level 5 in Maces & Flails
  1324 | D:2      | HP: 7/28 [rat (1)]
  1625 | D:2      | Gained mutation: You can fly. [Tengu growth]
  1625 | D:2      | Reached XP level 5. HP: 14/32 MP: 7/7
  1874 | D:2      | HP: 8/32 [poisoned by an adder]
  1881 | D:2      | HP: 7/32 [poisoned by an adder]
  2416 | D:2      | Reached skill level 6 in Maces & Flails
  2598 | D:1      | HP: 4/32 [gnoll (6)]
  2599 | D:1      | HP: 1/32 [gnoll (8)]
  2696 | D:2      | Slain by a worm

Vault maps used:
D:1:      saegor_arrival_simple_c, minmay_hexomino_r4
D:2:      hex_large, uniq_sigmund, uniq_iyjb

Skill      XL: |  1  2  3  4  5 |
---------------+----------------+-----
Maces & Flails | 3 4 5 6 |  6.2
Fighting       | |  3.0
Armour         | |  2.1
Dodging        | |  1.1
Invocations    | |  1.5

Action                   |  1- 3 |  4- 6 || total
-------------------------+-------+-------++-------
Melee: Mace              |   108 |   121 ||   229
       Kick              |    18 |    19 ||    37
       Peck              |    10 |    15 ||    25
 Abil: Fly               |       |     1 ||     1
  Use: Potion            |       |     6 ||     6
  Eat: Chunk             |     1 |     4 ||     5
       Pizza             |       |     1 ||     1
Armor: Leather armour    |    22 |    60 ||    82
Dodge: Dodged            |    67 |    99 ||   166

Vault maps used:
D:1:      saegor_arrival_simple_c, minmay_hexomino_r4
D:2:      hex_large, uniq_sigmund, uniq_iyjb

Table legend:
 A = Turns spent in this place as a percentage of turns spent in the entire game.
 B = Non-inter-level travel turns spent in this place as a percentage of non-inter-level travel turns spent in the entire game.
 C = Inter-level travel turns spent in this place as a percentage of turns spent in this place.
 D = Turns resting spent in this place as a percentage of non-inter-level travel turns spent in this place.
 E = Turns spent auto-exploring this place as a percentage of non-inter-level travel turns spent in this place.
 F = Non-inter-level travel turns spent in this place divided by the number of levels of this place that you've seen.
                   A       B       C       D       E      F
               +-------+-------+-------+-------+-------+----------------------
         Total | 100.0 | 100.0 |   0.3 |   4.0 |   4.9 | 329.7
       Dungeon |  98.9 |  98.9 |   0.3 |   4.1 |   4.9 | 489.0
         Abyss |   1.1 |   1.1 |   0.0 |   0.0 |   0.0 |  11.0
               +-------+-------+-------+-------+-------+----------------------

Table legend:
 A = Kills in this place as a percentage of kills in entire the game.
 B = Kills by you in this place as a percentage of kills by you in the entire game.
 C = Kills by friends in this place as a percentage of kills by friends in the entire game.
 D = Other kills in this place as a percentage of other kills in the entire game.
 E = Experience gained in this place as a percentage of experience gained in the entire game.
 F = Experience gained in this place divided by the number of levels of this place that you have seen.
                   A       B       C       D       E      F
               +-------+-------+-------+-------+-------+----------------------
         Total | 100.0 | 100.0 |  -nan |  -nan | 100.0 |  86.3
       Dungeon | 100.0 | 100.0 |  -nan |  -nan | 100.0 | 129.5
               +-------+-------+-------+-------+-------+----------------------
